 Dungeon Sprint DCSS version bcrawl-1.20 (webtiles) character file.

Game seed: 10095694592896546964

623 Freyura the Cruncher (level 7, -3/59 HPs)
             Began as a Demonspawn Gladiator on Jan 20, 2020.
             Was a Follower of Lugonu.
             Killed from afar by a gargoyle (15 damage)
             ... with a stone arrow
             ... in the Dungeon (Sprint IX: "|||||||||||||||||||||||||||||").
             The game lasted 00:04:05 (554 turns).

Freyura the Cruncher (Demonspawn Gladiator)          Turns: 554, Time: 00:04:05

Health: -3/59      AC: 14    Str: 15    XL:     7   Next: 22%
Magic:  5/11       EV: 11    Int:  9    God:    Lugonu [*.....]
Gold:   0          SH:  0    Dex: 16    Spells: 6/6 levels left

rFire    . . .     SeeInvis .   n - +4 quarterstaff (speed)
rCold    . . .     Gourm    .   (shield currently unavailable)
rNeg     . . .     Faith    .   q - +1 chain mail
rPois    .         Spirit   .   c - +0 helmet
rElec    .         Reflect  .   (no cloak)
rCorr    .         Harm     .   o - +0 pair of gloves
MR       .....     NoTele   +   p - +0 pair of boots
Stlth    ..........             (no amulet)
HPRegen  0.19/turn              r - +2 ring of protection
MPRegen  0.12/turn              s - +2 ring of evasion

@: corroded, very slightly contaminated, invisible
A: icy blue scales 1, powered by death 1
a: Bend Space, Renounce Religion


You were in the Dungeon.
You worshipped Lugonu.
Lugonu was aware of your devotion.
You were not hungry.

You visited 1 branch

Inventory:

Hand Weapons
 n - a +4 quarterstaff of speed (weapon)
Missiles
 d - 3 throwing nets (quivered) {!f}
Armour
 c - a +0 helmet (worn)
 o - a +0 pair of gloves (worn)
 p - a +0 pair of boots (worn)
 q - a +1 chain mail (worn)
Jewellery
 r - a +2 ring of protection (left hand)
 s - a +2 ring of evasion (right hand)
Wands
 m - a wand of iceblast (10)
Scrolls
 j - 3 scrolls of remove curse
 k - 2 scrolls of blinking
 l - 2 scrolls of amnesia
Potions
 i - 4 potions of magic
Comestibles
 e - a ration {!d}


   Skills:
 + Level 6.4 Fighting
 * Level 8.4 Staves
 + Level 5.8 Throwing
 + Level 5.5 Armour
 + Level 6.1 Dodging
 + Level 6.0 Invocations


You had 6 spell levels left.
You didn't know any spells.
Your spell library was empty.

Dungeon Overview and Level Annotations

Branches:
Dungeon (1/1)

Altars:
Cheibriados
Dithmenos
Elyvilon
Fedhas
Gozag
Hepliaklqana
Kikubaaqudgha
Lugonu
Makhleb
Nemelex Xobeh
Okawaru
Qazlal
Ru
Sif Muna
Trog
Uskayaw
Vehumet
Wu Jian
Xom
Yredelemnul
Zin
The Shining One
Beogh
Jiyva


Innate Abilities, Weirdness & Mutations

You are partially covered in icy blue scales. (AC +2)
You regenerate a little health from kills.


Message History

You hit the gargoyle but do no damage.
The gargoyle is heavily damaged.
You hit the gargoyle but do no damage.
The gargoyle is heavily damaged.
The gargoyle barely misses you.
You hit the gargoyle but do no damage.
The gargoyle is heavily damaged.
You catch the helpless gargoyle completely off-guard!
You hit the gargoyle but do no damage.
The gargoyle is heavily damaged.
The gargoyle hurls a stone arrow at you.
The stone arrow hits you!
* * * LOW HITPOINT WARNING * * *
You closely miss the gargoyle.
The gargoyle is heavily damaged.
You closely miss the gargoyle.
The gargoyle is heavily damaged.
The gargoyle hurls a stone arrow at you.
The stone arrow hits you!
You die...

▓.▓
▓|▓
▓)▓
▓.▓
▓.▓
▓.▓
▓.▓
▓[▓
▓@▓
▓9▓
▓Z▓
▓.▓
▓.▓
▓.▓
▓.▓
▓+▓


You could see a gargoyle and a bat zombie.

Vanquished Creatures
  An ugly thing (D)
  An acid dragon (D)
  2 crimson imps (D)
  A jelly (D)
  A worm (D)
  A bat (D)
  A bat zombie (D)
  A goblin (D)
  A hobgoblin (D)
  A quokka (D)
  A kobold (D)
12 creatures vanquished.

Vanquished Creatures (others)
  A wyvern (D)
  An adder (D)
2 creatures vanquished.

Grand Total: 14 creatures vanquished

Notes
Turn   | Place    | Note
-------+----------+-------------------------------------------
     0 | D        | Freyura the Demonspawn Gladiator began the quest for the
                  | Orb.
     0 | D        | Reached XP level 1. HP: 16/16 MP: 1/1
    10 | D        | Reached skill level 3 in Staves
    23 | D        | Reached skill level 1 in Armour
    28 | D        | Gained mutation: You regenerate a little health from kills.
                  | [demonic ancestry]
    28 | D        | Reached XP level 2. HP: 2/23 MP: 2/2
   306 | D        | Noticed a crimson imp
   306 | D        | Noticed a crimson imp
   323 | D        | Reached skill level 4 in Staves
   323 | D        | Reached XP level 3. HP: 29/29 MP: 3/3
   354 | D        | HP: 1/29 [crimson imp (2)]
   363 | D        | Found a roughly hewn altar of Beogh.
   363 | D        | Found a snail-covered altar of Cheibriados.
   363 | D        | Found a shadowy altar of Dithmenos.
   363 | D        | Found a white marble altar of Elyvilon.
   363 | D        | Found a blossoming altar of Fedhas.
   363 | D        | Found an opulent altar of Gozag.
   364 | D        | Found a hazy altar of Hepliaklqana.
   365 | D        | Found a viscous altar of Jiyva.
   366 | D        | Found an ancient bone altar of Kikubaaqudgha.
   367 | D        | Found a corrupted altar of Lugonu.
   368 | D        | Found a burning altar of Makhleb.
   369 | D        | Found a sparkling altar of Nemelex Xobeh.
   370 | D        | Found an iron altar of Okawaru.
   371 | D        | Found a stormy altar of Qazlal.
   372 | D        | Found a sacrificial altar of Ru.
   373 | D        | Found a shimmering blue altar of Sif Muna.
   374 | D        | Found a bloodstained altar of Trog.
   375 | D        | Found a hide-covered altar of Uskayaw.
   376 | D        | Found a radiant altar of Vehumet.
   377 | D        | Found an ornate altar of the Wu Jian Council.
   378 | D        | Found a shimmering altar of Xom.
   379 | D        | Found a basalt altar of Yredelemnul.
   380 | D        | Found a glowing silver altar of Zin.
   381 | D        | Found a glowing golden altar of the Shining One.
   424 | D        | Reached skill level 5 in Staves
   424 | D        | Gained mutation: You are partially covered in icy blue
                  | scales. (AC +2) [demonic ancestry]
   424 | D        | Reached XP level 4. HP: 33/37 MP: 4/4
   439 | D        | Became a worshipper of Lugonu the Unformed
   495 | D        | Noticed a wyvern
   495 | D        | Noticed an acid dragon
   495 | D        | Noticed a green ugly thing
   495 | D        | Noticed a gargoyle
   527 | D        | Killed a wyvern
   527 | D        | Reached skill level 1 in Invocations
   531 | D        | Killed a green ugly thing
   531 | D        | Reached skill level 8 in Staves
   531 | D        | Reached skill level 5 in Throwing
   531 | D        | Reached skill level 5 in Armour
   531 | D        | Reached skill level 5 in Dodging
   531 | D        | Reached skill level 5 in Invocations
   531 | D        | Reached XP level 5. HP: 27/46 MP: 4/9
   531 | D        | Reached XP level 6. HP: 31/52 MP: 4/10
   536 | D        | Killed an acid dragon
   536 | D        | Reached XP level 7. HP: 15/59 MP: 4/11
   554 | D        | Killed from afar by a gargoyle

Skill      XL: |  1  2  3  4  5  6 |
---------------+-------------------+-----
Staves         | 3 4 5 8 |  8.4
Throwing       | 2 3 5 |  5.8
Armour         | 1 2 5 |  5.5
Dodging        | 3 5 6 |  6.1
Fighting       | 3 6 |  6.4
Invocations    | 5 6 |  6.0

Action                   |  1- 3 |  4- 6 |  7- 9 || total
-------------------------+-------+-------+-------++-------
Melee: Quarterstaff      |    80 |    43 |    16 ||   139
  Use: Potion            |     5 |     5 |     1 ||    11
 Stab: Invisible         |       |     7 |     2 ||     9
Armor: Leather armour    |    21 |       |       ||    21
       Chain mail        |       |    11 |       ||    11
Dodge: Dodged            |    63 |    15 |     5 ||    83
